 Dungeon Crawl Stone Soup version 0.22-a0-305-gd21a89c (webtiles) character file.

7198 Amnesiac the Prestidigitator (level 11, -2/94 HPs)
             Began as a Kobold Fighter on Mar 31, 2018.
             Was an Initiate of Gozag.
             Slain by Erica
             ... wielding a +1 scimitar of flaming
              (6 damage)
             ... on level 10 of the Dungeon.
             The game lasted 00:21:56 (11595 turns).

Amnesiac the Prestidigitator (Kobold Fighter)      Turns: 11595, Time: 00:21:57

Health: -2/94      AC: 14    Str: 22    XL:     11   Next: 32%
Magic:  20/20      EV:  9    Int:  9    God:    Gozag
Gold:   822        SH: 12    Dex: 18    Spells: 10/10 levels left

rFire    . . .     SeeInvis .   a - +4 short sword
rCold    . . .     Gourm    .   c - +1 shield
rNeg     . . .     Faith    .   E - +0 plate armour
rPois    .         Spirit   .   (no helmet)
rElec    .         Reflect  .   (no cloak)
rCorr    .         Harm     .   q - +0 pair of gloves
MR       .....                  z - +0 pair of boots
Stlth    ..........             G - amulet of rage
HPRegen  0.25/turn              s - +3 ring of dexterity
MPRegen  0.17/turn              (no ring)

@: berserking, slowed
A: small, carnivore
a: Potion Petition, Call Merchant, Bribe Branch, Renounce Religion, Evoke
Berserk Rage


You were on level 10 of the Dungeon.
You worshipped Gozag.
Gozag was pleased with you.
You were hungry.

You visited 2 branches of the dungeon, and saw 11 of its levels.

You collected 1888 gold pieces.
You spent 980 gold pieces at shops.
You paid 86 gold pieces to Gozag.

Inventory:

Hand Weapons
 a - a +4 short sword (weapon)
 b - a +0 blowgun
 w - a +0 hand crossbow
Missiles
 t - 55 poisoned needles
 v - 79 bolts
 y - 3 throwing nets (quivered)
Armour
 c - a +1 shield (worn)
 q - a +0 pair of gloves (worn)
 z - a +0 pair of boots (worn)
 E - a +0 plate armour (worn)
Jewellery
 s - a +3 ring of dexterity (left hand)
 G - an amulet of rage (around neck)
Wands
 D - a wand of digging (15)
Scrolls
 e - 5 scrolls of fear {!r}
 h - 6 scrolls of teleportation {!r}
 j - a scroll of amnesia {!r}
 k - 3 scrolls of enchant weapon {!r}
 l - 5 scrolls of remove curse {!r}
 m - 4 scrolls of fog {!r}
 p - 3 scrolls of identify {!r}
 A - a scroll of blinking {!r}
 B - a scroll of enchant armour {!r}
 F - a scroll of magic mapping {!r}
Potions
 d - a potion of resistance {!q}
 i - 2 potions of curing {!q}
 n - a potion of might {!q}
 o - 2 potions of agility {!q}
 u - 2 potions of magic {!q}
 x - a potion of mutation {!q}
Comestibles
 f - 6 rations


   Skills:
 - Level 5.1 Fighting
 + Level 10.7 Short Blades
 - Level 5.0 Armour
 - Level 5.0 Dodging
 - Level 5.0 Shields
 - Level 13.1 Evocations


You had 10 spell levels left.
You didn't know any spells.

Dungeon Overview and Level Annotations

Branches:
Dungeon (10/15)            Temple (1/1) D:4             Orc (0/2) D:9
   Lair: D:8-11

Altars:
Ashenzari
Cheibriados
Gozag
Hepliaklqana
Okawaru
Qazlal
Sif Muna
Trog
Uskayaw
Wu Jian
Xom
Zin
The Shining One

Shops:
D:6 *

Annotations:
D:10 Erica


Innate Abilities, Weirdness & Mutations

You are small and have problems with some larger weapons.
You are carnivorous and can eat meat at any time.


Message History

Erica is heavily wounded.
You puncture Erica!
Erica is heavily wounded.
Erica gestures at you while chanting.
You are confused.
You bump into the rock wall.
Erica hits you with a scimitar of flaming.
Erica burns you.
You puncture Erica!
Erica is severely wounded.
You bump into the rock wall.
Erica barely misses you.
You're too confused to move!
Erica points at you and mumbles some strange words.
You feel yourself slow down.
You're too confused to move!
Erica gestures at you while chanting. You resist with significant effort.
Erica completely misses you.
You bump into the rock wall.
Erica casts a spell at you.
You are more confused.
You hit Erica.
Erica is severely wounded.
Erica hits you with a scimitar of flaming.
Erica burns you.
You hit Erica.
Erica is severely wounded.
Erica hits you but does no damage.
You bump into the rock wall.
Erica hits you but does no damage.
Erica gestures wildly while chanting.
Erica flickers and vanishes!
Deactivating autopickup; reactivate with Ctrl-A.
You bump into the rock wall.
Something hits you! Something burns you.
You bump into the rock wall.
You feel less confused. Something hits you. Something burns you.
You completely miss something. Something hits you. Something burns you.
You hit something.
You hear some strange, mumbled words.
An orb of energy appears from out of thin air!
The orb of energy hits you!
* * * LOW HITPOINT WARNING * * *
You puncture something! Something hits you.
* * * LOW HITPOINT WARNING * * *
Something burns you.
* * * LOW HITPOINT WARNING * * *
You miss something. You block something's attack.
Evoke which item? (* to show all) (? for menu, Esc to quit)
You open the lid... ...and a mature batshock beast flies out!
The now-empty box falls apart.
Something hits you!
* * * LOW HITPOINT WARNING * * *
Something burns you.
* * * LOW HITPOINT WARNING * * *
Press: ? - help, v - describe, . - travel
Here: a mature batshock beast (friendly, summoned)
The floor.
Okay, then.
A red film seems to cover your vision as you go berserk!
You feel yourself moving faster!
You feel mighty!
You are feeling hungry.
Something hits you but does no damage.
You closely miss something. Something hits you.
You die...
Your body crumbles into a pile of gold.

### #.##############
#.......(.......
#.######<#######
#.######H####
#....##@{...#
####.##.###.###
#.##.###...### #
#>.....'...'.###.#
#.######...#.....####
####.#. ..#...#..#####..
#...... #.#...#..## #..
#....#.##.#.###...####..
#....+............)..'.{


You could see a friendly mature batshock beast.

Vanquished Creatures
  Joseph (D:7)
  A queen bee (D:8)
  2 hornets
  3 slime creatures (D:9)
  3 hippogriffs
  A wyvern (D:7)
  4 yaks (D:10)
  A vampire mosquito (D:8)
  The ghost of Amnesiac the Cutter, an amateur KoFi (D:4)
  A sky beast (D:4)
  A black bear (D:7)
  2 phantoms
  2 orc warriors (D:8)
  An ice beast (D:7)
  3 ogres
  3 centaurs
  5 bullfrogs
  2 scorpions
  20 killer bees (D:8)
  A howler monkey (D:5)
  5 crimson imps
  2 bullfrog skeletons
  4 orc priests
  6 hounds
  2 orc wizards (D:8)
  Jessica (D:3)
  3 iguanas
  Natasha (thrice) (D:2)
  9 worker ants
  A hound zombie (D:5)
  2 worker ant zombies
  8 gnolls
  7 adders
  A howler monkey skeleton (D:7)
  3 shadow imps
  An ooze (D:2)
  An adder zombie (D:7)
  An adder skeleton (D:6)
  5 leopard geckos
  19 orcs
  2 giant cockroaches
  6 goblins
  5 hobgoblins
  18 jackals
  2 quokkas
  A ball python (D:2)
  6 bats
  3 frilled lizards
  A jackal zombie (D:5)
  6 kobolds
  A leopard gecko skeleton (D:4)
  9 rats
202 creatures vanquished.

Vanquished Creatures (collateral kills)
  3 wargs (D:9)
  A black bear (D:9)
  3 orc warriors (D:9)
  An orc priest (D:9)
  3 orcs (D:9)
11 creatures vanquished.

Grand Total: 213 creatures vanquished

Notes
Turn   | Place    | Note
-------+----------+-------------------------------------------
     0 | D:1      | Amnesiac the Kobold Fighter began the quest for the Orb.
     0 | D:1      | Reached XP level 1. HP: 14/14 MP: 1/1
   132 | D:1      | Reached XP level 2. HP: 19/19 MP: 2/2
   161 | D:2      | Reached skill level 1 in Dodging
   295 | D:3      | Reached XP level 3. HP: 19/23 MP: 3/3
   371 | D:3      | Noticed Jessica
   394 | D:3      | Killed Jessica
   394 | D:3      | Reached XP level 4. HP: 24/28 MP: 4/4
   593 | D:4      | Noticed an ogre
   603 | D:4      | Killed an ogre
   603 | D:4      | Reached skill level 5 in Short Blades
   603 | D:4      | Reached XP level 5. HP: 32/32 MP: 5/5
   618 | D:4      | Noticed Amnesiac's ghost (amateur KoFi)
   619 | D:4      | Found a glowing golden altar of the Shining One.
  1080 | D:5      | Entered Level 5 of the Dungeon
  1101 | D:5      | Reached XP level 6. HP: 37/37 MP: 6/6
  1117 | D:5      | Noticed a sky beast
  1152 | D:4      | Killed a sky beast
  1253 | D:4      | Noticed an ogre
  1287 | D:4      | Killed an ogre
  1287 | D:4      | Reached XP level 7. HP: 41/41 MP: 7/7
  1494 | D:4      | Found a staircase to the Ecumenical Temple.
  1505 | Temple   | Entered the Ecumenical Temple
  1576 | Temple   | Became a worshipper of Gozag Ym Sagoz the Greedy
  2904 | D:2      | Noticed Natasha
  2922 | D:2      | Killed Natasha
  3150 | D:2      | Noticed Natasha
  3166 | D:2      | Killed Natasha
  3365 | D:2      | Noticed Natasha
  3374 | D:2      | Killed Natasha
  3447 | D:3      | Found a faded altar of an unknown god.
  4168 | D:4      | Killed Amnesiac's ghost
  4596 | D:4      | HP: 2/41 [poisoned by a worker ant]
  4843 | D:5      | Reached XP level 8. HP: 47/47 MP: 8/8
  5284 | D:5      | Found a hazy altar of Hepliaklqana.
  5810 | D:5      | Found a stormy altar of Qazlal.
  5810 | D:5      | Found a bloodstained altar of Trog.
  6126 | D:6      | Found Tiecull's Assorted Antiques.
  6192 | D:6      | Bought a forked lead wand for 112 gold pieces
  6192 | D:6      | Bought a wand of acid (7) for 224 gold pieces
  6192 | D:6      | Bought a scroll labeled JAORAC HUAZEIZ for 28 gold pieces
  6192 | D:6      | Bought a scroll labeled LYET URECS for 28 gold pieces
  6192 | D:6      | Bought a scroll labeled FUNAODOETAN for 28 gold pieces
  6253 | D:6      | Reached XP level 9. HP: 17/52 MP: 9/9
  6818 | D:7      | Noticed a hornet
  6833 | D:7      | Paralysed by a hornet for 1 turns
  6834 | D:7      | Killed a hornet
  7021 | D:7      | Reached skill level 5 in Armour
  7027 | D:7      | Reached skill level 5 in Dodging
  7155 | D:7      | Reached skill level 5 in Shields
  7302 | D:7      | Reached skill level 5 in Fighting
  7364 | D:7      | Noticed Joseph
  7377 | D:7      | Killed Joseph
  7377 | D:7      | Reached skill level 10 in Short Blades
  7455 | D:7      | Reached skill level 1 in Evocations
  7522 | D:7      | Reached skill level 2 in Evocations
  7538 | D:7      | Reached skill level 3 in Evocations
  7610 | D:7      | Reached skill level 4 in Evocations
  7839 | D:8      | Reached XP level 10. HP: 44/59 MP: 13/13
  7840 | D:8      | Reached skill level 5 in Evocations
  7868 | D:8      | Reached skill level 6 in Evocations
  8206 | D:8      | Reached skill level 7 in Evocations
  8846 | D:8      | Reached skill level 8 in Evocations
  9030 | D:8      | Reached skill level 9 in Evocations
  9575 | D:9      | Reached skill level 10 in Evocations
  9797 | D:6      | Bought a box of beasts for 560 gold pieces
 10122 | D:9      | Reached skill level 11 in Evocations
 10140 | D:9      | Reached XP level 11. HP: 30/63 MP: 19/19
 10391 | D:9      | Found a staircase to the Orcish Mines.
 10665 | D:9      | Reached skill level 12 in Evocations
 11155 | D:10     | Entered Level 10 of the Dungeon
 11291 | D:10     | Reached skill level 13 in Evocations
 11475 | D:10     | Noticed Erica
 11593 | D:10     | HP: 2/63 [something (3)]
 11595 | D:10     | Slain by Erica

Vault maps used:
D:1:      co_arrival_square_in_a_square_in_a_square
D:2:      uniq_natasha
D:3:      chequers_ecumenical_altar_island, skrybe_limestone_x, uniq_jessica
D:4:      lemuel_coloured_pillars_altar, minmay_temple_entry_statues_fountains,
          first_ration, kennysheep_pointless_box
D:5:      lemuel_crystal_altar, gammafunk_temple_overflow_elements
D:6:      serial_shops, shop, dk_vineyard_1
D:7:      minmay_small_thing, uniq_joseph
D:8:      david_nohive_1, lightli_corner_chamber
D:9:      david_orc_1_choice
D:10:     nrook_guardian_serpent_double, uniq_erica, uniq_harold
Temple:   dpeg_five_rooms_temple

Skill      XL: |  1  2  3  4  5  6  7  8  9 10 11 |
---------------+----------------------------------+-----
Short Blades   | 3 4 5 6 8 9 10 | 10.7
Dodging        | 1 2 3 4 5 |  5.0
Armour         | 3 4 5 |  5.0
Shields        | 3 4 5 |  5.0
Fighting       | 4 5 |  5.1
Evocations     | 4 11 13 | 13.1

Action                   |  1- 3 |  4- 6 |  7- 9 | 10-12 || total
-------------------------+-------+-------+-------+-------++-------
Melee: Rapier            |    46 |    75 |    12 |       ||   133
       Dagger            |       |       |   204 |       ||   204
       Unarmed           |       |       |    16 |       ||    16
       Short sword       |       |       |   350 |   503 ||   853
 Fire: Hand crossbow     |       |       |    10 |       ||    10
Invok: Potion Petition   |       |       |     1 |       ||     1
 Abil: Evoke Berserk Rag |       |       |       |     1 ||     1
Evoke: Wand              |       |       |     7 |    23 ||    30
       Box of beasts     |       |       |       |     2 ||     2
  Use: Potion            |       |     4 |     3 |     7 ||    14
       Scroll            |       |     1 |     2 |    12 ||    15
 Stab: Invisible         |       |     2 |     2 |       ||     4
       Distracted        |       |       |       |     3 ||     3
  Eat: Chunk             |     7 |     3 |       |       ||    10
       Ration            |       |       |     7 |     6 ||    13
Armor: Scale mail        |    19 |    23 |    84 |       ||   126
       Skin              |       |       |    15 |       ||    15
       Plate armour      |       |       |    43 |   152 ||   195
Dodge: Dodged            |    15 |    31 |   130 |    86 ||   262
Block: Shield            |    20 |    42 |   199 |   231 ||   492

Table legend:
 A = Spawn XP
 B = Non-spawn XP
 C = Spawn XP percentage of total XP
 D = Spawn monster count
 E = Non-spawn monster count
 F = Spawn count percentage of total count
 G = Total turns spent on level
                    A         B        C        D         E        F      G
               +---------+---------+-------+---------+---------+-------+---------
         Total |       0 |   10284 |   0.0 |       0 |     213 |   0.0 | 11595
               +---------+---------+-------+---------+---------+-------+---------
           D:1 |       0 |      32 |   0.0 |       0 |      20 |   0.0 |   906
           D:2 |       0 |     156 |   0.0 |       0 |      24 |   0.0 |  1341
           D:3 |       0 |      72 |   0.0 |       0 |      12 |   0.0 |  1095
           D:4 |       0 |     701 |   0.0 |       0 |      13 |   0.0 |  1606
           D:5 |       0 |     700 |   0.0 |       0 |      26 |   0.0 |  1001
           D:6 |       0 |     421 |   0.0 |       0 |      19 |   0.0 |   797
           D:7 |       0 |    1805 |   0.0 |       0 |      17 |   0.0 |  1383
           D:8 |       0 |    2845 |   0.0 |       0 |      45 |   0.0 |  1617
           D:9 |       0 |    2437 |   0.0 |       0 |      28 |   0.0 |  1343
          D:10 |       0 |    1115 |   0.0 |       0 |       9 |   0.0 |   383
               +---------+---------+-------+---------+---------+-------+---------
